 Dungeon Crawl Stone Soup version 0.26.1-2-gb8aa6d0cf2 (webtiles) character file.

Game seed: 15858068006888539472

2110 Groucho the Covert (level 9, -10/40 HPs)
             Began as a Spriggan Enchanter on Feb 16, 2021.
             Mangled by a four-headed hydra (13 damage)
             ... on level 7 of the Dungeon.
             The game lasted 00:39:49 (10982 turns).

Groucho the Covert (Spriggan Enchanter)            Turns: 10982, Time: 00:39:50

Health: -10/40     AC:  3    Str:  7    XL:     9   Next: 7%
Magic:  17/20      EV: 23    Int: 16    God:
Gold:   246        SH:  0    Dex: 17    Spells: 4/22 levels left

rFire    . . .     SeeInvis +   a - +1 dagger
rCold    . . .     Faith    .   (shield restricted)
rNeg     . . .     Spirit   .   b - +0 robe
rPois    .         Reflect  .   (helmet restricted)
rElec    .         Harm     .   u - +0 cloak
rCorr    .         Rampage  .   (gloves unavailable)
Will     +....                  (boots unavailable)
Stlth    +++++.....             (no amulet)
HPRegen  0.13/turn              (no ring)
MPRegen  0.17/turn              (no ring)

@: very quick
A: very small, unfitting armour, see invisible, speed 3
a: no special abilities


You were on level 7 of the Dungeon.
You visited 1 branch of the dungeon, and saw 7 of its levels.

You collected 506 gold pieces.
You spent 260 gold pieces at shops.

Inventory:

Hand Weapons
 a - a +1 dagger (weapon)
 x - a +0 rapier
 z - a +1 dagger of protection
 A - a +1 dagger of venom
Missiles
 p - 13 boomerangs
 s - 8 atropa-tipped darts
 D - 19 poisoned darts (quivered)
Armour
 b - a +0 robe (worn)
 u - a +0 cloak (worn)
Jewellery
 i - an uncursed ring of resist corrosion
 o - a cursed ring of teleportation
 y - an uncursed ring of stealth {unknown}
Scrolls
 c - a scroll of blinking {unknown}
 d - 2 scrolls of amnesia
 e - 11 scrolls of identify
 f - a scroll of magic mapping
 g - a scroll of immolation
 h - a scroll of enchant armour {unknown}
 l - a scroll of random uselessness {unknown}
 m - 2 scrolls of teleportation
 r - a scroll of fog {unknown}
 t - a scroll of remove curse {unknown}
Potions
 j - a potion of ambrosia {unknown}
 k - a potion of invisibility {unknown}
 n - 2 potions of haste {unknown}
 q - 2 potions of lignification {unknown}
 v - a potion of berserk rage {unknown}
 w - a potion of heal wounds {unknown}
 B - a potion of attraction {unknown}
 C - a potion of degeneration {unknown}


   Skills:
 - Level 0.6 Fighting
 + Level 5.1 Short Blades
 + Level 7.2 Dodging
 + Level 10.5 Stealth
 + Level 7.1 Spellcasting
 + Level 7.4 Hexes


You had 4 spell levels left.
You knew the following spells:

 Your Spells              Type           Power        Failure   Level
a - Corona                Hex            32%          1%          1
b - Ensorcelled Hibernat  Hex/Ice        34%          4%          2
c - Confusing Touch       Hex            29%          1%          3
d - Tukima's Dance        Hex            29%          1%          3
e - Dazzling Flash        Conj/Hex       34%          8%          3
f - Invisibility          Hex            29%          65%         6

Your spell library contained the following spells:

 Spells                   Type           Power        Failure   Level
 Apportation              Tloc           10%          12%         1
 Lesser Beckoning         Tloc           2%           36%         3
 Alistair's Intoxication  Tmut/Pois      3%           98%         5


Dungeon Overview and Level Annotations

Branches:
Dungeon (7/15)
 Temple: D:4-7

Altars:
Ru
Trog

Shops:
D:4 ([   D:5 (


Innate Abilities, Weirdness & Mutations

You are very small and have problems with some larger weapons.
You are too small for most types of armour.
You have supernaturally acute eyesight. (SInv)
You cover ground extremely quickly.


Message History

The four-headed hydra barely misses you.
You hit the four-headed hydra but do no damage.
The four-headed hydra is severely wounded.
The four-headed hydra misses you.
The four-headed hydra barely misses you. x2
The four-headed hydra completely misses you.
You hit the four-headed hydra but do no damage.
The four-headed hydra is severely wounded.
The four-headed hydra bites you. x2; The four-headed hydra bites you!
* * * LOW HITPOINT WARNING * * *
The four-headed hydra closely misses you.
Okay, then.
You hit the four-headed hydra but do no damage.
The four-headed hydra is severely wounded.
You hit the four-headed hydra but do no damage.
The four-headed hydra appears confused.
The four-headed hydra is severely wounded.
The four-headed hydra closely misses you.
The four-headed hydra bites you!
You die...

.#..........####
.........#....####
#........#........
#........#.....#..
.................
##...............
#.##...#...#........
.......D@...<.......
...#................
....................
..................##
..........>.........
....................
....................
....................


You could see a four-headed hydra (confused).

Vanquished Creatures
  The ghost of tysohal the Ruffian, a novice TrWr of Makhleb (D:6)
  Prince Ribbit (D:5)
  Eustachio (D:5)
  A black bear (D:6)
  An ice beast (D:5)
  A sky beast (D:5)
  3 ogres
  A phantom (D:5)
  2 bullfrogs
  A scorpion (D:6)
  A hound (D:6)
  2 bullfrog skeletons
  A gnoll shaman (D:5)
  3 orc priests
  An orc wizard (D:3)
  A centaur skeleton (D:5)
  A worker ant (D:4)
  3 gnolls (D:5)
  7 adders
  An ufetubus (D:5)
  An ooze (D:5)
  3 worms (D:2)
  6 dart slugs
  4 leopard geckos
  20 orcs
  2 ball pythons
  4 giant cockroaches
  6 goblins
  12 hobgoblins
  2 jackals (D:5)
  A quokka (D:3)
  8 bats
  3 frilled lizards
  A jackal skeleton (D:5)
  6 kobolds
  A quokka skeleton (D:5)
  7 rats
121 creatures vanquished.

Vanquished Creatures (others)
  3 plants (D:1)
3 creatures vanquished.

Grand Total: 124 creatures vanquished

Notes
Turn   | Place    | Note
-------+----------+-------------------------------------------
     0 | D:1      | Groucho the Spriggan Enchanter began the quest for the Orb.
     0 | D:1      | Reached XP level 1. HP: 9/9 MP: 5/5
   468 | D:1      | Reached XP level 2. HP: 13/13 MP: 6/6
   482 | D:1      | Reached skill level 5 in Stealth
  1281 | D:1      | Learned a level 2 spell: Ensorcelled Hibernation
  2211 | D:2      | Reached XP level 3. HP: 9/17 MP: 1/8
  3080 | D:2      | Reached skill level 6 in Stealth
  3436 | D:2      | You fall into a shaft and drop 2 floors!
  3440 | D:4      | Found a bloodstained altar of Trog.
  3464 | D:4      | Found Xagamil's Weapon Shoppe.
  3542 | D:3      | Learned a level 3 spell: Confusing Touch
  3914 | D:3      | Reached XP level 4. HP: 12/21 MP: 5/10
  6025 | D:3      | Reached XP level 5. HP: 25/25 MP: 8/11
  6028 | D:3      | Reached skill level 7 in Stealth
  6515 | D:3      | Learned a level 3 spell: Tukima's Dance
  6519 | D:3      | Learned a level 3 spell: Dazzling Flash
  7170 | D:4      | Found Pale's Armour Shoppe.
  7207 | D:4      | Found a sacrificial altar of Ru.
  7938 | D:5      | Entered Level 5 of the Dungeon
  7938 | D:5      | Noticed an ogre
  7938 | D:5      | Noticed an ogre
  7947 | D:5      | Found Liedgheo's Antique Weapon Shoppe.
  8021 | D:5      | Noticed an ice beast
  8025 | D:5      | Noticed a sky beast
  8028 | D:5      | Killed an ice beast
  8029 | D:5      | Reached skill level 5 in Hexes
  8029 | D:5      | Reached XP level 6. HP: 29/29 MP: 13/13
  8035 | D:5      | Killed a sky beast
  8036 | D:5      | Reached skill level 8 in Stealth
  8104 | D:5      | Noticed Prince Ribbit
  8130 | D:4      | Reached skill level 5 in Spellcasting
  8130 | D:4      | Reached XP level 7. HP: 32/32 MP: 7/15
  8431 | D:5      | Killed Prince Ribbit
  8748 | D:5      | Noticed Eustachio
  8754 | D:5      | Killed Eustachio
  8755 | D:5      | Reached skill level 5 in Dodging
  8755 | D:5      | Reached skill level 9 in Stealth
  8825 | D:5      | Reached XP level 8. HP: 37/37 MP: 6/17
  9259 | D:5      | Bought a glowing dagger for 130 gold pieces
  9259 | D:5      | Bought a glowing dagger for 130 gold pieces
  9695 | D:6      | Identified the +8 quarterstaff "Hoir" {flame, rElec rN+
                  | Will+ Int-3}
 10188 | D:6      | Found a runed translucent door.
 10191 | D:6      | Noticed tysohal's ghost (novice TrWr)
 10209 | D:6      | Killed tysohal's ghost
 10210 | D:6      | Reached skill level 10 in Stealth
 10228 | D:6      | Learned a level 6 spell: Invisibility
 10278 | D:6      | Reached skill level 5 in Short Blades
 10278 | D:6      | Reached XP level 9. HP: 40/40 MP: 20/20
 10969 | D:7      | Noticed a four-headed hydra
 10982 | D:7      | Mangled by a four-headed hydra

Illustrated notes

Levels and vault maps discovered:
D:1:      kilobyte_arrival_exit_the_forest, layout_basic, serial_forest,
          infiniplex_forest_lined_3, infiniplex_forest_diagonal,
          infiniplex_forest_lined_3, infiniplex_forest_straight_5,
          infiniplex_forest_clump_small, infiniplex_forest_side_room,
          infiniplex_forest_side_room, infiniplex_forest_lined_3_way,
          minmay_misc_feat_columns
D:2:      layout_basic
D:3:      layout_loops_ring, roderic_roman_lattice
D:4:      layout_gridville, nicolae_ru_awakened_eye, serial_shops, shop,
          nicolae_shop_behind_doors, enter_ossuary_2, trog_three_pillars_becter
D:5:      layout_rooms, serial_shops, shop, uniq_eustachio, uniq_prince_ribbit1
D:6:      layout_cave_pools, ebering_ghost_reflecting_pool
D:7:      layout_rooms, minmay_temple_entry_junction, chei_slow_surprise

Skill      XL: |  1  2  3  4  5  6  7  8 |
---------------+-------------------------+-----
Stealth        | 5 6 7 8 9 10 | 10.5
Spellcasting   | 3 4 5 7 |  7.1
Hexes          | 4 5 6 7 |  7.4
Short Blades   | 2 3 5 |  5.1
Dodging        | 4 5 7 |  7.2
Fighting       | |  0.6

Action                   |  1- 3 |  4- 6 |  7- 9 || total
-------------------------+-------+-------+-------++-------
Melee: Dagger            |   145 |   157 |    84 ||   386
Throw: Dart              |       |     2 |     2 ||     4
       Boomerang         |       |     1 |    11 ||    12
 Cast: Corona            |     1 |     3 |     3 ||     7
       Ensorcelled Hiber |    14 |    41 |    36 ||    91
       Confusing Touch   |       |     4 |    11 ||    15
  Use: Scroll            |     3 |     1 |     2 ||     6
 Stab: Sleeping          |    25 |    34 |    26 ||    85
       Confused          |       |     4 |    12 ||    16
       Invisible         |       |       |     1 ||     1
Armor: Robe              |     9 |    13 |     9 ||    31
Dodge: Dodged            |    85 |   136 |    93 ||   314
